AoeStats
← XEVER | Rorro Pirroro

Arabia

503514924Analyzed
1v1 RM · 1mo ago on Sep 1, 2026· 40m 12s· 2 players
Game mode
Random Map
Map size
Tiny (2 player)
Population
200
Speed
Normal
Resources
Standard
Victory
Conquest
Starting age
Dark Age
Ending age
Imperial Age
RankedLock teamsTeams togetherTeam positionsShared explorationLock speedFull tech treeHidden civsTurbo modeCheats
Victory
Defeat
🇻🇳 Sicilians · Vietnam
1863
+13
🇦🇷 Koreans · Argentina
1802
-13
XEVER | Rorro Pirroro
6:49 Loom
9:24 Feudal Age
9:54 Double-Bit Axe
10:35 Horse Collar
20:22 Castle Age
18:15 Stone Mining
21:23 Bow Saw
23:04 Heavy Plow
24:12 Wheelbarrow
25:50 Hand Cart
26:05 Husbandry
27:56 Town Watch
28:52 Fletching
29:53 Bodkin Arrow
34:18 Imperial Age
33:58 Elite Skirmisher
36:28 Chemistry
35:53 Ballistics
36:19 Conscription
36:45 Conscription
36:38 Bracer
THL
6:19 Loom
8:58 Feudal Age
9:27 Double-Bit Axe
20:26 Castle Age
18:57 Horse Collar
19:08 Gold Mining
21:37 Bow Saw
21:32 Light Cavalry
22:58 Elite Skirmisher
23:55 Fletching
24:55 Bodkin Arrow
27:33 Ballistics
28:52 Wheelbarrow
28:40 Padded Archer Armor
34:13 Imperial Age
32:32 Scale Barding Armor
32:44 Hand Cart
33:34 Chain Barding Armor
34:01 Gold Shaft Mining
35:00 Bracer
35:15 Bloodlines
35:06 Husbandry
36:34 Chemistry
36:22 Plate Barding Armor
36:32 Leather Archer Armor
35:46 Cavalier
38:01 Forging
39:23 Hauberk
39:54 Iron Casting
39:42 Conscription
Connection lost

Rejoining the realm…

Still unreachable

The connection could not be restored.

Session expired

The server has moved on; the page needs a fresh start.